 Dungeon Crawl Stone Soup version 0.17.1-3-g152610e (webtiles) character file.

150 tyranidshit the Skirmisher (level 5, 48/48 HPs)
             Began as a Minotaur Berserker on Mar 31, 2016.
             Was a Believer of Trog.
             Starved to death
             ... on level 3 of the Dungeon.
             The game lasted 00:07:35 (1528 turns).

tyranidshit the Skirmisher (Minotaur Berserker)     Turns: 1528, Time: 00:07:35

Health: 48/48      AC:  9    Str: 22    XL:     5   Next: 10%
Magic:  4/4        EV:  9    Int:  4    God:    Trog [**....]
Gold:   137        SH:  0    Dex: 10    Spells: 0 memorised, 4 levels left

rFire  . . .     SeeInvis .     r - +2 hand axe (chop)
rCold  . . .     Clarity  .     k - +0 chain mail
rNeg   . . .     SustAt   .     (no shield)
rPois  .         Gourm    .     (helmet restricted)
rElec  .         Spirit   .     (no cloak)
rCorr  .         Warding  .     (no gloves)
rMut   .         Stasis   .     (no boots)
MR     .....                    (no amulet)
Stlth  ..........               (no ring)
                                (no ring)

@: fainting, not resistant to hostile enchantments, extremely unstealthy
A: retaliatory headbutt, horns 2
a: Berserk, Trog's Hand, Burn Spellbooks, Renounce Religion


You were on level 3 of the Dungeon.
You worshipped Trog.
Trog was pleased with you.
You were fainting.

You visited 1 branch of the dungeon, and saw 3 of its levels.

You collected 137 gold pieces.

Inventory:

Hand Weapons
 a - a +0 falchion
 p - a +0 trident
 r - a +2 hand axe of chopping (weapon)
Armour
 f - a +0 ring mail
 k - a +0 chain mail (worn)
Jewellery
 m - an uncursed ring of magical power
Scrolls
 b - a scroll of amnesia
 d - a scroll of fog {unknown}
 l - a scroll of remove curse {unknown}
 s - a scroll of blinking {unknown}
 t - a scroll of identify
Potions
 e - 2 potions of cancellation {unknown}
 h - 2 potions of heal wounds {unknown}
 i - a potion of curing {unknown}
 j - a potion of might {unknown}
 n - 2 potions of degeneration {unknown}
 o - a potion of lignification {unknown}
 q - a potion of flight {unknown}
Comestibles
 c - 4 bread rations
 g - 3 fruits


   Skills:
 + Level 5.0 Fighting
 - Level 3.6 Long Blades
 + Level 4.3 Armour
 + Level 3.6 Dodging


You had 4 spell levels left.
You didn't know any spells.

Dungeon Overview and Level Annotations

Branches:
Dungeon (3/15)

Altars:
Trog
Zin


Innate Abilities, Weirdness & Mutations

You reflexively headbutt those who attack you in melee.
You have a pair of horns on your head.


Message History

There is a bloodstained altar of Trog here.
Things that are here:
a dagger; an animal skin A giant newt comes into view.
The giant newt bites you but does no damage.
You hit the giant newt.
You kill the giant newt!
Trog accepts your kill.
You see here a giant newt corpse.
Found a scroll of identify.
t - a scroll of identify
There are no items here.
Found 14 gold pieces.
Found an escape hatch in the floor.
Found a stone staircase leading up.
You now have 137 gold pieces (gained 14).
There are no items here.
You lose consciousness!
You can move again.
You have starved to death.
You die...

#.)..........#
###
#.#########..#
#.. #..# #.#
#... #.#
#######..# #.#
##......... #.#
####.....##..#
#.#
#............#
#@#
#.##.....##...
##.#
#.###...####.#
#..# #.# ##.##
#.. #.## #.# #.#
#.. #.# #.# #.#
### #.# #.# #.#
#.# #.####.# #.#
#...><.###
#.####..........


There were no monsters in sight!

Vanquished Creatures
  Natasha (thrice) (D:3)
  3 gnolls (D:2)
  3 adders (D:2)
  3 oozes
  3 worms
  7 bats
  A giant cockroach (D:2)
  8 hobgoblins
  6 kobolds
  3 giant newts
  3 goblins
  5 rats
48 creatures vanquished.

Notes
Turn   | Place    | Note
--------------------------------------------------------------
     0 | D:1      | tyranidshit the Minotaur Berserker began the quest for the Orb.
     0 | D:1      | Reached XP level 1. HP: 19/19 MP: 0/0
     0 | D:1      | Noticed a spriggan zombie
     1 | D:1      | Noticed a vine stalker
     2 | D:1      | Noticed a vine stalker skeleton
     2 | D:1      | Noticed a centaur skeleton
     4 | D:1      | Noticed a spriggan skeleton
     5 | D:1      | Noticed a centaur
     8 | D:1      | Noticed a human
    13 | D:1      | Noticed a minotaur zombie
    13 | D:1      | Noticed a formicid
    15 | D:1      | Noticed a spriggan skeleton
    17 | D:1      | Noticed a formicid
    17 | D:1      | Noticed an elf zombie
    19 | D:1      | Noticed a gargoyle
   133 | D:1      | Reached XP level 2. HP: 6/27 MP: 1/1
   281 | D:1      | Reached skill level 4 in Fighting
   393 | D:1      | Reached XP level 3. HP: 30/33 MP: 2/2
   487 | D:1      | Reached ** piety under Trog
   816 | D:2      | Reached XP level 4. HP: 13/41 MP: 3/3
   846 | D:2      | Found a glowing silver altar of Zin.
  1154 | D:3      | Noticed Natasha
  1162 | D:3      | Killed Natasha
  1162 | D:3      | Reached XP level 5. HP: 47/47 MP: 4/4
  1174 | D:3      | Noticed Natasha
  1180 | D:3      | Killed Natasha
  1180 | D:3      | Reached skill level 5 in Fighting
  1283 | D:3      | Noticed Natasha
  1292 | D:3      | Killed Natasha
  1413 | D:3      | Found a bloodstained altar of Trog.
  1528 | D:3      | Starved to death

Action                   |  1- 3 |  4- 6 || total
-------------------------+-------+-------++-------
Melee: Falchion          |    76 |    40 ||   116
       Trident           |       |     5 ||     5
       Hand axe          |       |     1 ||     1
Invok: Berserk           |     3 |     2 ||     5
       Trog's Hand       |       |     2 ||     2
  Use: Scroll            |     4 |       ||     4
  Eat: Bread ration      |     1 |       ||     1
